 Dungeon Crawl Stone Soup version 0.22-a0-422-g9628fc8 (webtiles) character file.

148 Gorglomux the Ruffian (level 5, 0/38 HPs)
             Began as a Minotaur Earth Elementalist on May 19, 2018.
             Slain by a gnoll
             ... wielding a +0 club
              (5 damage)
             ... on level 4 of the Dungeon.
             The game lasted 00:05:10 (3695 turns).

Gorglomux the Ruffian (Minotaur Earth Elementalist) Turns: 3695, Time: 00:05:11

Health: 0/38       AC:  3    Str: 13    XL:     5   Next: 8%
Magic:  6/6        EV: 12    Int: 12    God:
Gold:   149        SH:  0    Dex: 11    Spells: 5/6 levels left

rFire    . . .     SeeInvis .     - Unarmed
rCold    . . .     Gourm    .   (no shield)
rNeg     . . .     Faith    .   c - +0 robe
rPois    .         Spirit   .   (helmet restricted)
rElec    .         Reflect  .   l - +0 cloak
rCorr    .         Harm     .   (no gloves)
MR       .....                  (no boots)
Stlth    ++........             (no amulet)
HPRegen  0.12/turn              (no ring)
MPRegen  0.10/turn              (no ring)

@: no status effects
A: retaliatory headbutt, horns 2
a: no special abilities


You were on level 4 of the Dungeon.
You were not hungry.

You visited 1 branch of the dungeon, and saw 4 of its levels.

You collected 149 gold pieces.

Inventory:

Missiles
 b - 79 stones (quivered)
Armour
 c - a +0 robe (worn)
 e - a +0 buckler
 l - a +0 cloak (worn)
 m - a +0 scale mail
Scrolls
 g - a scroll of teleportation {unknown}
 k - 3 scrolls of remove curse {unknown}
 o - a scroll of identify {unknown}
Potions
 h - 4 potions of curing {unknown}
 i - a potion of mutation {unknown}
 n - a potion of flight {unknown}
Comestibles
 d - 5 rations
 p - a chunk of flesh


   Skills:
 + Level 0.0 Fighting
 + Level 0.0 Armour
 - Level 2.1 Dodging
 - Level 1.5 Stealth
 - Level 5.3 Unarmed Combat
 - Level 1.3 Spellcasting
   Level 0.7 Transmutations
 - Level 2.4 Earth Magic


You had 5 spell levels left.
You knew the following spells:

 Your Spells              Type           Power        Failure   Level  Hunger
a - Sandblast             Erth           #.....       11%         1    ##.....

Your spell library contained the following spells:

 Spells                   Type           Power        Failure   Level  Hunger
 Stone Arrow              Conj/Erth      #.....       47%         3    ####...
 Passwall                 Tmut/Erth      #.........   24%         2    ###....
 Lee's Rapid Deconstruct  Erth           #.........   96%         5    ######.
 Petrify                  Tmut/Erth      #.......     83%         4    #####..


Dungeon Overview and Level Annotations

Branches:
Dungeon (4/15)
 Temple: D:4-7

Altars:
Dithmenos


Innate Abilities, Weirdness & Mutations

You reflexively headbutt those who attack you in melee.
You have a pair of horns on your head.


Message History

There is a stone staircase butt up here!
Casting: Sandblast (safe; 11% risk of failure)
Confirm with ! or Enter, or press ? or * to list all spells!
Aiming: Sandblast (safe; 11% risk of failure)
Press: ? - help, Shift-Dir - straight line, f - gnoll Butt: a gnoll, wielding a spear The blast of sand hits the gnoll!
The gnoll is lightly wounded!
b - 79 stones The gnoll closely misses you!
The gnoll hits you butt afar with a spear!!!
You climb upwards!
There is a stone staircase leading down here!
You start resting!
Magic restored!
You climb downwards!
The gnoll hits you with a club! The gnoll hits you with a spear!
The gnoll hits you with a halberd!!! * * * don't die
* * * The gnoll barely misses you!
The gnoll hits you with a club! rip

#.# #.# ... #.# .....
#.# .....####.#
.....#....# .....#....#
####### ........g#
.......
######..S.@###.......
.....%...g.g.........
#######..g...###.......
.........#.#.# .......
.........#.#.# .......
.#.......#.#.. .......
........>..#.## ..>....
...........#.# .......
######.g.#.#.# ###.###


You could see 4 gnolls and an adder.

Vanquished Creatures
  A gnoll shaman (D:4)
  2 gnolls
  2 adders
  3 worms (D:2)
  A dart slug (D:1)
  4 leopard geckos
  An orc (D:3)
  A ball python (D:2)
  2 giant cockroaches
  8 goblins
  5 hobgoblins
  9 jackals
  2 quokkas
  6 bats
  7 frilled lizards
  A jackal skeleton (D:4)
  10 kobolds
  2 rats (D:1)
67 creatures vanquished.

Notes
Turn   | Place    | Note
-------+----------+-------------------------------------------
     0 | D:1      | Gorglomux the Minotaur Earth Elementalist began the quest for the Orb.
     0 | D:1      | Reached XP level 1. HP: 14/14 MP: 1/1
   218 | D:1      | Reached skill level 1 in Unarmed Combat
   450 | D:1      | Reached XP level 2. HP: 18/20 MP: 3/3
   453 | D:1      | Reached skill level 2 in Unarmed Combat
  1495 | D:2      | Reached skill level 3 in Unarmed Combat
  1498 | D:2      | Reached XP level 3. HP: 25/26 MP: 2/4
  2121 | D:2      | Reached skill level 4 in Unarmed Combat
  2400 | D:2      | Reached XP level 4. HP: 33/33 MP: 5/5
  2651 | D:3      | Found a shadowy altar of Dithmenos.
  3631 | D:4      | Reached skill level 5 in Unarmed Combat
  3631 | D:4      | Reached XP level 5. HP: 34/38 MP: 0/6
  3695 | D:4      | Slain by a gnoll

Vault maps used:
D:1:      matt_arrival_diagonals, st_stairs_14, minmay_misc_feat_chi
D:3:      nicolae_dithmenos_shadow_blocks, first_ration
D:4:      uniq_robin

Skill      XL: |  1  2  3  4 |
---------------+-------------+-----
Unarmed Combat | 1 3 4 5 |  5.3
Dodging        | |  2.1
Stealth        | |  1.5
Spellcasting   | |  1.3
Transmutations | |  0.7
Earth Magic    | |  2.4

Action                   |  1- 3 |  4- 6 || total
-------------------------+-------+-------++-------
Melee: Unarmed           |    96 |    59 ||   155
       Headbutt          |    13 |     8 ||    21
       Punch             |       |     1 ||     1
 Cast: Sandblast         |    13 |    13 ||    26
 Stab: Sleeping          |     4 |     3 ||     7
  Eat: Chunk             |     5 |     2 ||     7
       Ration            |       |     1 ||     1
Armor: Robe              |    27 |     3 ||    30
Dodge: Dodged            |    61 |    42 ||   103

Table legend:
 A = Spawn XP
 B = Non-spawn XP
 C = Spawn XP percentage of total XP
 D = Spawn monster count
 E = Non-spawn monster count
 F = Spawn count percentage of total count
 G = Total turns spent on level
                    A         B        C        D         E        F      G
               +---------+---------+-------+---------+---------+-------+---------
         Total |       0 |     212 |   0.0 |       0 |      67 |   0.0 |  3695
               +---------+---------+-------+---------+---------+-------+---------
           D:1 |       0 |      35 |   0.0 |       0 |      20 |   0.0 |  1401
           D:2 |       0 |      69 |   0.0 |       0 |      28 |   0.0 |  1169
           D:3 |       0 |      38 |   0.0 |       0 |      15 |   0.0 |   841
           D:4 |       0 |      70 |   0.0 |       0 |       4 |   0.0 |   284
               +---------+---------+-------+---------+---------+-------+---------
